 Dungeon Crawl Stone Soup version 0.15-a0-35-ga771cbd (webtiles) character file.

3906 BestPrincess the Thaumaturge (level 9, -1/45 HPs)
             Began as a Deep Elf Conjurer on Apr 2, 2014.
             Was a Believer of Sif Muna.
             Slain by a yak (14 damage)
             ... on Level 8 of the Dungeon.
             The game lasted 00:46:11 (8495 turns).

BestPrincess the Thaumaturge (Deep Elf Conjurer)    Turns: 8495, Time: 00:46:12

HP  -1/45        AC  7     Str  5      XL: 9   Next: 82%
MP  16/32        EV 13     Int 24      God: Sif Muna [**....]
Gold 373         SH  0     Dex 13      Spells:  4 memorised, 20 levels left

rFire  . . .     SeeInvis .     s - +2,+0 quarterstaff (protect)
rCold  . . .     Clarity  .     a - +0 robe
rNeg   . . .     Conserve .     (no shield)
rPois  .         rCorr    .     (no helmet)
rElec  .         rRot     .     (no cloak)
SustAb + .       Spirit   .     (no gloves)
rMut   .         Warding  .     (no boots)
Saprov . . .     Stasis   .     u - amulet of faith
MR     .....                    (no ring)
                                H - ring of Wishful Thinking {SustAb Dex-2}

@: studying Stealth, not resistant to hostile enchantments, quite stealthy
A: no striking features
a: Channel Energy, Forget Spell, Renounce Religion


You were on level 8 of the Dungeon.
You worshipped Sif Muna.
Sif Muna was pleased with you.
You were not hungry.

You visited 3 branches of the dungeon, and saw 10 of its levels.

You collected 373 gold pieces.

Inventory:

Hand weapons
 s - a +2,+0 quarterstaff of protection (weapon)
Armour
 a - a +0 robe (worn)
Magical devices
 h - a wand of lightning (9)
 w - a wand of draining (0)
 E - a wand of enslavement (8)
Comestibles
 b - 7 bread rations
 k - a meat ration
Scrolls
 d - 2 scrolls of immolation {unknown}
 f - 2 scrolls of enchant weapon II {unknown}
 g - a scroll of fear {unknown}
 i - a scroll of magic mapping {unknown}
 j - 4 scrolls of identify
 l - a scroll of enchant armour {unknown}
 m - 2 scrolls of enchant weapon I {unknown}
 n - 2 scrolls of noise {unknown}
 o - 3 scrolls of random uselessness {unknown}
 t - 4 scrolls of teleportation
 v - a scroll of vulnerability {unknown}
 y - a scroll of remove curse
 F - a scroll of fog {unknown}
 G - a scroll of enchant weapon III {unknown}
 L - a scroll of amnesia {unknown}
Jewellery
 e - an uncursed amulet of resist corrosion
 u - an amulet of faith (around neck)
 H - the ring of Wishful Thinking (left hand) {SustAb Dex-2}
   (You took it off an orc warrior on level 7 of the Dungeon)

   [ring of sustain abilities]

   It affects your dexterity (-2).
Potions
 p - a potion of resistance {unknown}
 q - 2 potions of agility
 r - 3 potions of curing
 x - a potion of confusion {unknown}
 z - a potion of invisibility
 A - a potion of haste {unknown}
 B - a potion of degeneration {unknown}
 C - 2 potions of restore abilities
 K - a potion of might
Books
 c - a book of Conjurations

   Spells                             Type                      Level
   *Magic Dart                        Conjuration                  1
   *Searing Ray                       Conjuration                  2
   Dazzling Spray                     Conjuration/Hexes            3
   *Fulminant Prism                   Conjuration/Hexes            4
   Iskenderun's Mystic Blast          Conjuration                  4
   *Iskenderun's Battlesphere         Conjuration/Charms           5
 J - a manual of Stealth


   Skills:
 - Level 3.1 Dodging
 * Level 6.6 Stealth
 - Level 12.1 Spellcasting
 + Level 6.6 Conjurations
 - Level 6.1 Hexes
 - Level 6.0 Charms
 - Level 5.4 Invocations
 - Level 2.0 Evocations


You had 20 spell levels left.
You knew the following spells:

 Your Spells              Type           Power        Failure   Level  Hunger
a - Magic Dart            Conj           ####         1%          1    None
b - Searing Ray           Conj           #####.       1%          2    None
c - Fulminant Prism       Conj/Hex       #####.....   3%          4    None
d - Iskenderun's Battles  Conj/Chrm      #####...     12%         5    ##.....


Dungeon Overview and Level Annotations

Branches:
Dungeon (8/15)             Temple (1/1) D:6            Lair (1/8) D:8

Altars:
Dithmenos
Elyvilon
Fedhas
Makhleb
Okawaru
Sif Muna
Trog
Xom
Yredelemnul
Zin


Message History

The yak gores you!!!
The searing ray hits the yak!
The yak is heavily wounded!
The yak misses you!
Casting: Searing Ray
Confirm with ! or Enter, or press ? or * to list all spells!
Aiming: Searing Ray
Press: ? - help, Shift-Dir - straight line, f/p - yak
Aim: a yak (heavily wounded)
The searing ray hits the yak!
The yak is heavily wounded!
The yak barely misses you!
The searing ray hits the yak!
The yak is severely wounded!
The yak gores you!!!
* * * LOW HITPOINT WARNING * * *
The searing ray hits the yak!
The yak is severely wounded!
The yak gores you!!!
You die!!!

#.......######.....#######....##
..............................>#
...#.####.....#....##..........##
.......##..........##............
.............................#.#.
.......##.(..................#.#.
.......................###.###.#.
.................Y.......#.###.#.
##.......<......@........#.......
##...............................
##.....##...............)........
##...............................
#...###...................).....
##.....#...........#.##...)......
...###.#...........#.##..........
.....#..........##.#.#...........
.###.#..........##.#.#.......)...


You could see a yak.

Vanquished Creatures
  A komodo dragon (D:8)
  A spriggan (D:8)
  2 necrophages (D:7)
  A water moccasin (Lair:1)
  A porcupine (D:8)
  A black bear (D:6)
  3 ogres
  2 centaurs
  2 sky beasts
  3 orc warriors
  Duvessa (D:5)
  A crocodile (Lair:1)
  2 giant frogs
  3 scorpions
  4 killer bees (D:8)
  A crimson imp (D:5)
  Dowan (D:5)
  A gnoll shaman (D:4)
  A jelly (D:5)
  2 orc priests
  A hound (D:7)
  5 worker ants
  12 orc wizards
  5 iguanas
  A big kobold skeleton (D:7)
  A hound zombie (D:6)
  A hound skeleton (D:7)
  17 adders
  6 gnolls (D:4)
  A worm zombie (D:8)
  An inept feature mimic (D:3)
  A shadow imp (D:8)
  A goliath beetle zombie (D:5)
  3 giant eyeballs
  4 giant geckos
  24 orcs
  A bat skeleton (D:6)
  16 hobgoblins
  4 jackals (D:6)
  10 kobolds
  4 quokkas
  A ball python (D:2)
  16 bats
  2 giant newts
  A giant spore (D:7)
  18 goblins
  A hobgoblin skeleton (D:4)
  A kobold zombie (D:7)
  2 orc skeletons
  9 rats
  A rat skeleton (D:5)
  4 ballistomycetes (D:7)
209 creatures vanquished.

Vanquished Creatures (others)
  25 fulminant prisms
  A giant spore (D:7)
26 creatures vanquished.

Grand Total: 235 creatures vanquished

Notes
Turn   | Place    | Note
--------------------------------------------------------------
     0 | D:1      | BestPrincess, the Deep Elf Conjurer, began the quest for the Orb.
     0 | D:1      | Reached XP level 1. HP: 10/10 MP: 5/5
   415 | D:1      | Reached XP level 2. HP: 15/15 MP: 6/8
  1195 | D:2      | Reached skill level 5 in Conjurations
  1195 | D:2      | Reached XP level 3. HP: 16/19 MP: 2/11
  1199 | D:2      | Learned a level 2 spell: Searing Ray
  1844 | D:2      | Found a shadowy altar of Dithmenos.
  1973 | D:3      | Reached XP level 4. HP: 8/24 MP: 8/15
  2225 | D:3      | Reached XP level 5. HP: 28/28 MP: 11/18
  2388 | D:3      | Reached skill level 5 in Spellcasting
  2406 | D:3      | Noticed a sky beast
  2415 | D:3      | Killed a sky beast
  2415 | D:3      | Reached skill level 6 in Conjurations
  2622 | D:3      | Reached XP level 6. HP: 32/32 MP: 16/21
  2951 | D:4      | Learned a level 4 spell: Fulminant Prism
  2957 | D:4      | Learned a level 5 spell: Iskenderun's Battlesphere
  3697 | D:4      | Reached skill level 7 in Spellcasting
  3697 | D:4      | Reached XP level 7. HP: 34/36 MP: 20/25
  3710 | D:4      | Got a slimy ring mail
  3719 | D:4      | Identified the cursed +1 ring mail "Inwuzxad" {Int-2 Dam+4} (You found it on level 4 of the Dungeon)
  4002 | D:5      | Entered Level 5 of the Dungeon
  4068 | D:5      | Reached skill level 8 in Spellcasting
  4195 | D:5      | Noticed Dowan
  4254 | D:5      | Paralysed by a giant eyeball for 4 turns
  4264 | D:5      | Reached skill level 5 in Stealth
  4329 | D:5      | Reached skill level 1 in Evocations
  4711 | D:5      | Noticed Duvessa
  4714 | D:5      | Killed Dowan
  4727 | D:5      | Killed Duvessa
  4952 | D:6      | Reached skill level 9 in Spellcasting
  5080 | D:6      | Reached XP level 8. HP: 30/41 MP: 26/28
  5155 | D:6      | HP: 1/41 [something/magic dart (6)]
  5282 | D:6      | HP: 2/41 [black bear (3)]
  5312 | D:6      | Reached skill level 10 in Spellcasting
  5745 | D:6      | Reached skill level 11 in Spellcasting
  5822 | D:6      | Found a staircase to the Ecumenical Temple.
  5967 | Temple   | Entered the Ecumenical Temple
  5988 | Temple   | Became a worshipper of Sif Muna the Loreminder
  6232 | D:7      | Reached skill level 1 in Hexes
  6256 | D:7      | Reached skill level 5 in Hexes
  6511 | D:7      | Acquired Sif Muna's first power
  6584 | D:7      | Reached skill level 1 in Charms
  6718 | D:7      | Found a burning altar of Makhleb.
  6726 | D:7      | Reached XP level 9. HP: 45/45 MP: 20/31
  6884 | D:7      | Reached skill level 5 in Charms
  6898 | D:7      | Got a shimmering marble ring
  7135 | D:8      | Reached skill level 1 in Invocations
  7290 | D:8      | Found a staircase to the Lair.
  7417 | D:8      | Reached skill level 5 in Invocations
  7549 | D:8      | Identified the ring of Wishful Thinking {SustAb Dex-2} (You took it off an orc warrior on level 7 of the Dungeon)
  7574 | D:8      | Found a white marble altar of Elyvilon.
  7709 | D:8      | Acquired Sif Muna's second power
  8435 | Lair:1   | Entered Level 1 of the Lair of Beasts
  8443 | Lair:1   | Reached skill level 12 in Spellcasting
  8495 | D:8      | Slain by a yak

Action                   |  1- 3 |  4- 6 |  7- 9 || total
-------------------------+-------+-------+-------++-------
Melee: Unarmed           |    62 |       |       ||    62
       Quarterstaff      |       |       |     6 ||     6
 Cast: Magic Dart        |    62 |    78 |   106 ||   246
       Searing Ray       |     3 |    16 |    58 ||    77
       Fulminant Prism   |       |       |    25 ||    25
       Iskenderun's Batt |       |       |     1 ||     1
  Use: Potion            |       |     3 |     4 ||     7
       Scroll            |       |     3 |     7 ||    10
